 Dungeon Crawl Stone Soup version 0.26.1-11-gd32895ea62 (webtiles) character file.

Game seed: 13724111942716894478

130 Zeld the Twirler (level 5, -1/34 HPs)
             Began as an Octopode Gladiator on May 20, 2021.
             Slain by an adder (4 damage)
             ... on level 6 of the Dungeon.
             The game lasted 00:02:56 (2205 turns).

Zeld the Twirler (Octopode Gladiator)               Turns: 2205, Time: 00:02:57

Health: -1/34      AC:  1    Str: 13    XL:     5   Next: 14%
Magic:  5/5        EV: 14    Int: 10    God:
Gold:   99         SH:  0    Dex: 15    Spells: 4/4 levels left

rFire    . . .     SeeInvis .   a - +0 quarterstaff
rCold    . . .     Faith    .   (shield currently unavailable)
rNeg     . . .     Spirit   .   b - +0 hat
rPois    .         Reflect  .   (no amulet)
rElec    .         Harm     .   (no ring)
rCorr    .         Rampage  .   (no ring)
Will     .....                  (no ring)
Stlth    ++........             (no ring)
HPRegen  0.11/turn              (no ring)
MPRegen  0.09/turn              (no ring)
                                (no ring)
                                (no ring)

@: lethally poisoned (-1 -> -4)
A: almost no armour, stealthy swim, amphibious, 8 rings, constrict 8, camouflage
1, gelatinous body 1
a: no special abilities


You were on level 6 of the Dungeon.
You visited 1 branch of the dungeon, and saw 4 of its levels.

You collected 99 gold pieces.

Inventory:

Hand Weapons
 a - a +0 quarterstaff (weapon)
Missiles
 c - 3 throwing nets
 m - 7 boomerangs (quivered)
Armour
 b - a +0 hat (worn)
Jewellery
 p - an uncursed amulet of magic regeneration {unknown}
Wands
 n - a wand of disintegration (12)
Scrolls
 j - 2 scrolls of enchant weapon {unknown}
 k - a scroll of teleportation {unknown}
 l - a scroll of blinking {unknown}
 o - a scroll of noise {unknown}
 q - a scroll of fog {unknown}
Potions
 f - a potion of magic {unknown}
 g - 2 potions of flight {unknown}
 h - 2 potions of heal wounds {unknown}
 i - 2 potions of curing {unknown}
 r - a potion of cancellation {unknown}


   Skills:
 - Level 2.0 Fighting
 * Level 4.5 Staves
 * Level 3.9 Throwing
 - Level 3.0 Dodging


You had 4 spell levels left.
You didn't know any spells.
Your spell library was empty.

Dungeon Overview and Level Annotations

Branches:
Dungeon (3/15)

Altars:
Zin


Innate Abilities, Weirdness & Mutations

You cannot wear most types of armour.
You are very stealthy in the water. (Stealth+)
You are amphibious.
You can wear up to eight rings at the same time.
You can use your tentacles to constrict eight enemies at once.
Your skin changes colour to match your surroundings (Stealth+).
Your rubbery body absorbs attacks. (AC +1, EV +1)


Message History

The adder poisons you!
You feel sick.
The adder hisses angrily.
The adder bites you.
You feel sick. The hound zombie closely misses you.
The hound zombie misses you.
You feel sick. The adder bites you.
* * * LOW HITPOINT WARNING * * *
The hound zombie bites you.
* * * LOW HITPOINT WARNING * * *
The adder bites you.
* * * LOW HITPOINT WARNING * * *
Unknown command.
As you read the scroll labelled GODGHA EC QATU, it crumbles to dust.
You feel blessed for a moment.
It was a scroll of remove curse.
* * * LOW HITPOINT WARNING * * *
You feel sick. The adder closely misses you.
The hound zombie barely misses you. The adder bites you.
You die...

##.....## #.......#
#.......# #.......#
##.....# ###......##
#.Z.......#
#########.#.rO.Z..#
.>.......Z#...5S@.#
#######).......S........
.# #...........######..
.# #.##...###### .. .r.
#...# ..... .....5.
..### ##...#... .#
#....... .# #.......


You could see an ogre, 2 adders, a shadow imp, a hound zombie, a quokka and an
adder skeleton.

Vanquished Creatures
  A centaur skeleton (D:6)
  4 gnolls
  An ooze (D:1)
  An adder zombie (D:2)
  A worm (D:2)
  3 dart slugs
  A leopard gecko (D:1)
  A ball python (D:1)
  4 bats
  2 giant cockroaches (D:1)
  4 goblins
  8 hobgoblins
  2 jackals (D:2)
  A frilled lizard (D:1)
  6 kobolds
  7 rats
47 creatures vanquished.

Notes
Turn   | Place    | Note
-------+----------+-------------------------------------------
     0 | D:1      | Zeld the Octopode Gladiator began the quest for the Orb.
     0 | D:1      | Reached XP level 1. HP: 14/14 MP: 1/1
    85 | D:1      | Reached XP level 2. HP: 16/19 MP: 2/2
   445 | D:1      | Reached XP level 3. HP: 24/24 MP: 3/3
   515 | D:1      | HP: 1/24 [kobold/+0 dagger (3)]
   522 | D:1      | HP: 1/24 [kobold/+0 dagger (1)]
  1335 | D:2      | Reached skill level 4 in Staves
  1335 | D:2      | Reached XP level 4. HP: 29/29 MP: 4/4
  2142 | D:3      | You fall into a shaft and drop 3 floors!
  2142 | D:6      | Found a glowing silver altar of Zin.
  2170 | D:6      | Noticed a phantom
  2178 | D:6      | Reached XP level 5. HP: 19/34 MP: 5/5
  2192 | D:6      | Noticed an ogre
  2205 | D:6      | Slain by an adder

Illustrated notes

Levels and vault maps discovered:
D:1:      eino_arrival_water_star, layout_basic, serial_park_tiny_pond
D:2:      layout_loops_cross, minmay_statues_item
D:3:      layout_basic, gup_sewer_entry_bowl, chequers_arboretum, uniq_sigmund,
          uniq_ijyb
D:6:      layout_rooms, general_overflow_altar, basic_altar, serial_shops,
          nicolae_shop_behind_doors, uniq_eustachio

Skill      XL: |  1  2  3 |
---------------+----------+-----
Throwing       | 3 |  3.9
Staves         | 4 |  4.5
Fighting       | |  2.0
Dodging        | |  3.0

Action                   |  1- 3 |  4- 6 || total
-------------------------+-------+-------++-------
Melee: Quarterstaff      |    52 |    37 ||    89
       Constrict         |    17 |    10 ||    27
       Tentacles         |     6 |     5 ||    11
  Use: Scroll            |       |     2 ||     2
 Stab: Sleeping          |     5 |     4 ||     9
Armor: Skin              |     8 |     1 ||     9
Dodge: Dodged            |    33 |    24 ||    57
